 Dungeon Crawl Stone Soup version 0.19.1 (webtiles) character file.

3316 GordonOverkill the Cleaver (level 9, -3/83 HPs)
             Began as a Minotaur Berserker on Dec 19, 2016.
             Was a Priest of Trog.
             Slain by a hell hound (9 damage)
             ... on level 8 of the Dungeon.
             The game lasted 00:10:02 (6312 turns).

GordonOverkill the Cleaver (Minotaur Berserker)     Turns: 6312, Time: 00:10:03

Health: -3/83      AC: 13    Str: 22    XL:     9   Next: 71%
Magic:  8/8        EV:  9    Int:  4    God:    Trog [***...]
Gold:   359        SH:  0    Dex: 13    Spells: 0 memorised, 8 levels left

rFire  . . .     SeeInvis .     l - +2 whip (elec)
rCold  . . .     Gourm    .     g - +0 chain mail
rNeg   + . .     Faith    .     (no shield)
rPois  .         Spirit   .     (helmet restricted)
rElec  .         Reflect  .     t - +1 cloak
rCorr  .         Harm     .     (no gloves)
MR     .....                    (no boots)
Stlth  ..........               (no amulet)
                                q - ring of wizardry
                                n - ring of positive energy

@: exhausted, very slightly contaminated, slowed, very slow
A: retaliatory headbutt, horns 2
a: Berserk, Trog's Hand, Burn Spellbooks, Renounce Religion


You were on level 8 of the Dungeon.
You worshipped Trog.
Trog was most pleased with you.
You were very hungry.

You visited 1 branch of the dungeon, and saw 8 of its levels.

You collected 359 gold pieces.

Inventory:

Hand Weapons
 a - a +0 hand axe
 l - a +2 whip of electrocution (weapon)
Armour
 g - a +0 chain mail (worn)
 t - a +1 cloak (worn)
Rods
 y - a +2 rod of inaccuracy (13/13)
   (You found it on level 4 of the Dungeon)
Jewellery
 n - a ring of positive energy (left hand)
 q - a ring of wizardry (right hand)
 v - an uncursed amulet of rage
 x - an uncursed amulet of magic regeneration
Wands
 m - a wand of acid (12/15)
 s - a wand of teleportation (0/9)
 E - a wand of confusion (10/48)
Scrolls
 d - 5 scrolls of identify
 o - 5 scrolls of remove curse
 u - a scroll of vulnerability {unknown}
 A - 2 scrolls of fog {unknown}
 B - 2 scrolls of recharging {unknown}
 D - a scroll of enchant armour
 I - a scroll of acquirement {unknown}
Potions
 e - 2 potions of might
 f - 2 potions of agility
 w - 2 potions of brilliance
 C - a potion of resistance {unknown}
 F - a potion of mutation {unknown}
 H - a potion of lignification {unknown}
Books
 G - a book of Changes

   Spells                             Type                      Level
   a - Beastly Appendage              Transmutation                1
   b - Sticks to Snakes               Transmutation                2
   c - Spider Form                    Transmutation/Poison         3
   d - Ice Form                       Ice/Transmutation            4
   e - Blade Hands                    Transmutation                5
   Trog disapproves of the use of such an item.
Comestibles
 c - 6 bread rations
 j - a beef jerky
 k - 7 fruits
 p - 3 meat rations


   Skills:
 + Level 9.0 Fighting
 * Level 12.0 Axes
 + Level 8.5 Armour
 - Level 2.1 Dodging


You had 8 spell levels left.
You didn't know any spells.

Dungeon Overview and Level Annotations

Branches:
Dungeon (8/15)             Temple (0/1) D:4            Lair (0/6) D:8

Altars:
Ashenzari
Cheibriados
Elyvilon
Gozag
Hepliaklqana
Makhleb
Qazlal
Sif Muna
Trog
Xom
Yredelemnul

Annotations:
D:8 Gastronok, Grum


Innate Abilities, Weirdness & Mutations

You reflexively headbutt those who attack you in melee.
You have a pair of horns on your head.


Message History

The hell hound breathes flames at you. The blast of flame hits you!
* * * LOW HITPOINT WARNING * * *
Found a scroll of identify.
Found five shimmering altars of Xom.
Found an escape hatch in the floor.
A hell hound comes into view.
Okay, then.
As you read the scroll of fear, it crumbles to dust.
You assume a fearsome visage.
The black bear looks frightened!
The hog looks frightened!
The hell hound looks frightened!
Cornered, the hell hound turns to fight!
Evoke which item? (* to show all) (? for menu, Esc to quit)
Zapping:
s - a wand of teleportation {zapped: 3} (will waste charges)
Press: ? - help, Shift-Dir - straight line, f - you Nothing appears to happen.
The black bear changes into a raiju!
Cornered, the hog turns to fight!
The hell hound bites you.
* * * LOW HITPOINT WARNING * * *
The hell hound bites you!
You die...

.#########.##
.##
...........#
... ...
######..# ...
.. #...
########.
..... ....#
##....?##
##.#.. ...>
###>_.h.## #.
o. #...
#.#..h..## #.
.. ..o.
#.#.h_@_## #.
Z. #o.##
...#...._##
#...
#..########
#..# #. ####
#.o# ##†#
..≈≈≈ ..O#
.§≈≈§ .#.#
....# #.≈≈..
.#.# #
##.#.##
##.≈≈.>


You could see a raiju shaped shifter, a hog shaped shifter and a hell hound.

Vanquished Creatures
  Psyche (D:8)
  A two-headed ogre (D:8)
  Prince Ribbit (D:8)
  A hippogriff (D:7)
  Sigmund (D:5)
  A wyvern (D:8)
  Edmund (D:4)
  An orc warrior (D:8)
  2 phantoms (D:4)
  2 sky beasts (D:8)
  2 ogres
  A black bear (D:8)
  A centaur (D:7)
  Blork the orc (D:5)
  3 bullfrogs
  A scorpion (D:8)
  2 wights (D:8)
  A howler monkey (D:6)
  A centaur zombie (D:7)
  An orc priest (D:4)
  2 hounds (D:6)
  Crazy Yiuf (D:2)
  11 orc wizards
  Terence (D:2)
  An iguana (D:4)
  3 worker ants
  3 hound skeletons
  4 adders
  A shadow imp (D:8)
  An ooze (D:7)
  An adder skeleton (D:8)
  4 leopard geckos
  26 orcs
  2 giant cockroaches (D:1)
  7 goblins
  4 hobgoblins
  4 jackals
  7 kobolds
  4 quokkas
  A ball python (D:1)
  7 bats
  A jackal zombie (D:7)
  A quokka skeleton (D:5)
  6 rats
129 creatures vanquished.

Vanquished Creatures (others)
  A wolf (D:8)
1 creature vanquished.

Grand Total: 130 creatures vanquished

Notes
Turn   | Place    | Note
-------+----------+-------------------------------------------
     0 | D:1      | GordonOverkill the Minotaur Berserker began the quest for the Orb.
     0 | D:1      | Reached XP level 1. HP: 19/19 MP: 0/0
   151 | D:1      | Reached skill level 4 in Axes
   158 | D:1      | Reached XP level 2. HP: 27/27 MP: 1/1
   561 | D:2      | Reached XP level 3. HP: 25/33 MP: 2/2
   582 | D:2      | Noticed Terence
   595 | D:2      | Killed Terence
   747 | D:2      | Reached ** piety under Trog
   748 | D:2      | Reached XP level 4. HP: 40/40 MP: 3/3
   820 | D:2      | Reached skill level 5 in Axes
   968 | D:2      | Found a runed door.
  1002 | D:2      | Found a faded altar of an unknown god.
  1063 | D:2      | Found a burning altar of Makhleb.
  1258 | D:2      | Noticed Crazy Yiuf
  1262 | D:2      | Killed Crazy Yiuf
  1517 | D:3      | Found a stormy altar of Qazlal.
  1611 | D:3      | Reached XP level 5. HP: 39/47 MP: 4/4
  2214 | D:4      | Reached skill level 5 in Fighting
  2217 | D:4      | Reached skill level 6 in Axes
  2247 | D:4      | Noticed an ogre
  2432 | D:4      | Killed an ogre
  2432 | D:4      | Reached XP level 6. HP: 56/56 MP: 5/5
  2695 | D:4      | Reached skill level 7 in Axes
  2889 | D:4      | Found a staircase to the Ecumenical Temple.
  2999 | D:4      | Reached skill level 5 in Armour
  2999 | D:4      | Reached XP level 7. HP: 62/62 MP: 6/6
  3062 | D:4      | Noticed Edmund
  3071 | D:4      | Killed Edmund
  3071 | D:4      | Reached *** piety under Trog
  3071 | D:4      | Reached skill level 8 in Axes
  3263 | D:5      | Entered Level 5 of the Dungeon
  3440 | D:5      | Noticed Sigmund
  3450 | D:5      | Killed Sigmund
  3450 | D:5      | Reached skill level 9 in Axes
  3450 | D:5      | Reached XP level 8. HP: 71/71 MP: 7/7
  3627 | D:5      | Noticed Blork the orc
  3633 | D:5      | Killed Blork the orc
  4497 | D:6      | Found a hazy altar of Hepliaklqana.
  4497 | D:6      | Found a snail-covered altar of Cheibriados.
  4502 | D:6      | Found a faded altar of an unknown god.
  4504 | D:6      | Found a shattered altar of Ashenzari.
  4505 | D:6      | Found a deep blue altar of Sif Muna.
  4969 | D:7      | Found a white marble altar of Elyvilon.
  5051 | D:7      | Noticed a hippogriff
  5059 | D:7      | Killed a hippogriff
  5059 | D:7      | Reached skill level 10 in Axes
  5168 | D:7      | Found a bloodstained altar of Trog.
  5168 | D:7      | Found an opulent altar of Gozag.
  5231 | D:7      | Found a basalt altar of Yredelemnul.
  5678 | D:8      | Noticed Prince Ribbit
  5683 | D:8      | Reached XP level 9. HP: 78/81 MP: 8/8
  5694 | D:8      | Killed Prince Ribbit
  6158 | D:8      | Reached skill level 11 in Axes
  6170 | D:8      | Noticed Gastronok
  6206 | D:8      | Noticed Grum
  6208 | D:8      | Noticed Psyche
  6282 | D:8      | Found a staircase to the Lair.
  6293 | D:8      | HP: 2/123 [Psyche/magic dart (5)]
  6294 | D:8      | Killed Psyche
  6299 | D:8      | Reached skill level 12 in Axes
  6301 | D:8      | HP: 1/124 [poisoned by an orc wizard]
  6309 | D:8      | Found a shimmering altar of Xom.
  6309 | D:8      | Found a shimmering altar of Xom.
  6309 | D:8      | Found a shimmering altar of Xom.
  6309 | D:8      | Found a shimmering altar of Xom.
  6309 | D:8      | Found a shimmering altar of Xom.
  6312 | D:8      | Slain by a hell hound

Skill      XL: |  1  2  3  4  5  6  7  8  9 |
---------------+----------------------------+-----
Axes           | 4 5 6 7 9 10 12 | 12.0
Fighting       | 4 5 6 7 9 |  9.0
Armour         | 3 4 5 6 7 8 |  8.5
Dodging        | |  2.1

Action                   |  1- 3 |  4- 6 |  7- 9 || total
-------------------------+-------+-------+-------++-------
Melee: Hand axe          |    26 |       |       ||    26
       Headbutt          |     7 |    15 |    35 ||    57
       Whip              |    36 |   102 |   165 ||   303
Invok: Berserk           |     1 |     3 |     9 ||    13
       Trog's Hand       |       |       |     3 ||     3
Evoke: Wand              |       |       |     1 ||     1
  Use: Scroll            |       |       |    18 ||    18
       Potion            |       |       |     8 ||     8
  Eat: Chunk             |       |     9 |     9 ||    18
       Fruit             |       |     1 |     2 ||     3
       Meat ration       |       |       |     1 ||     1
       Royal jelly       |       |       |     1 ||     1
       Beef jerky        |       |       |     1 ||     1
Armor: Chain mail        |    35 |    50 |   128 ||   213
Dodge: Dodged            |    32 |    43 |    80 ||   155
